 Dungeon Crawl Stone Soup version 0.24-a0-380-g7ade4d1b3c (webtiles) character file.

Game seed: 4733473445941968358

2415 Peloso the Carver (level 9, -6/78 HPs)
             Began as a Minotaur Fighter on June 3, 2019.
             Mangled by an orc warrior
             ... wielding a cursed -1 scimitar
              (7 damage)
             ... on level 7 of the Dungeon.
             The game lasted 00:08:55 (5311 turns).

Peloso the Carver (Minotaur Fighter)                Turns: 5311, Time: 00:08:59

Health: -6/78      AC: 13    Str: 22    XL:     9   Next: 23%
Magic:  17/17      EV:  6    Int:  5    God:
Gold:   160        SH: 11    Dex: 12    Spells: 8/8 levels left

rFire    . . .     SeeInvis .   a - +3 long sword (holy)
rCold    . . .     Gourm    .   c - +0 shield
rNeg     . . .     Faith    .   D - +0 plate armour
rPois    .         Spirit   .   (helmet restricted)
rElec    .         Reflect  .   (no cloak)
rCorr    .         Harm     .   (no gloves)
MR       .....                  (no boots)
Stlth    ..........             (no amulet)
HPRegen  0.23/turn              m - ring of wizardry
MPRegen  0.15/turn              A - ring of magical power

@: hasted, very quick
A: retaliatory headbutt, horns 2
a: no special abilities


You were on level 7 of the Dungeon.
You were not hungry.

You visited 1 branch of the dungeon, and saw 7 of its levels.

You collected 160 gold pieces.

Inventory:

Hand Weapons
 a - a +3 long sword of holy wrath (weapon)
 v - a +1 spear of pain
 y - a +2 whip of flaming
Armour
 b - a +0 scale mail
 c - a +0 shield (worn)
 x - a +0 chain mail
 D - a +0 plate armour (worn)
Jewellery
 m - a ring of wizardry (left hand)
 A - a ring of magical power (right hand)
Wands
 B - a wand of flame (15)
Scrolls
 e - 4 scrolls of remove curse {unknown}
 g - a scroll of immolation {unknown}
 i - 8 scrolls of identify {unknown}
 j - a scroll of magic mapping {unknown}
 l - 5 scrolls of teleportation {unknown}
 q - 2 scrolls of amnesia {unknown}
 s - a scroll of enchant weapon {unknown}
 t - 2 scrolls of fear {unknown}
 u - a scroll of enchant armour {unknown}
 z - a scroll of fog {unknown}
Potions
 d - a potion of might
 h - 2 potions of curing
 k - 2 potions of haste
 n - a potion of experience {unknown}
 o - 2 potions of berserk rage {unknown}
 p - 2 potions of lignification {unknown}
 r - 2 potions of flight {unknown}
 w - a potion of magic {unknown}
 C - a potion of heal wounds {unknown}
Comestibles
 f - 7 rations


   Skills:
 + Level 6.5 Fighting
 + Level 9.1 Long Blades
 + Level 7.9 Armour
 + Level 3.2 Dodging
 + Level 0.5 Stealth
 + Level 7.9 Shields


You had 8 spell levels left.
You didn't know any spells.
Your spell library was empty.

Dungeon Overview and Level Annotations

Branches:
Dungeon (7/15)
 Temple: D:4-7

Altars:
Cheibriados
Elyvilon
Fedhas
Kikubaaqudgha
Makhleb
Trog
Uskayaw
Yredelemnul
The Shining One

Shops:
D:5 (

Annotations:
D:3 1 runed translucent door, Mushiatsui's ghost, amateur DrTm
D:5 2 transporters, anet's ghost, novice DEWz


Innate Abilities, Weirdness & Mutations

You reflexively headbutt those who attack you in melee.
You have a pair of horns on your head.


Message History

The hippogriff pecks you.
* * * LOW HITPOINT WARNING * * *
The hippogriff barely misses you.
The orc warrior hits you with a cursed -1 scimitar!
* * * LOW HITPOINT WARNING * * *
The orc shouts!
It was a potion of curing.
You feel better. The hippogriff bites you.
* * * LOW HITPOINT WARNING * * *
The hippogriff pecks you but does no damage.
The hippogriff claws you but does no damage.
The orc hits you but does no damage. The orc warrior barely misses you.
You furiously retaliate!
You headbutt the orc warrior, but do no damage.
It was a potion of haste.
You feel yourself speed up. The hippogriff barely misses you.
The hippogriff pecks you.
* * * LOW HITPOINT WARNING * * *
The hippogriff claws you but does no damage.
The orc hits you but does no damage.
The orc warrior hits you with a cursed -1 scimitar!
You die...

#...%.....o.......#
#........o..:.....#.#
#....%.HooH...)....#
#####
#####..######.##..##
#...## #...# .#...# .#
.....## #o#.##.#.⌠.#
......# ##......#...#
......#######..o#o.###.##
......#.......oH@### ...
.....##.......##.)# ...
..............###.##
..........#####....#
......#....)).%....#
....)<#####.>......#
.....## #####.....#
#...## #.....# #####
#.....#


You could see a hippogriff, an orc warrior and 3 orcs.

Vanquished Creatures
  Pikel (D:5)
  Sigmund (D:5)
  Eustachio (D:5)
  Menkaure (D:7)
  An ice beast (D:7)
  A sky beast (D:6)
  A phantom (D:6)
  3 ogres
  A centaur (D:6)
  Blork the orc (D:4)
  A bullfrog (D:6)
  A crimson imp (D:7)
  A centaur zombie (D:6)
  A hound (D:4)
  2 jellies
  A centaur skeleton (D:7)
  An orc priest (D:6)
  2 iguanas
  2 orc wizards (D:7)
  Ijyb (D:5)
  Natasha (twice) (D:4)
  3 worker ants
  A killer bee zombie (D:7)
  Robin (D:3)
  3 gnolls (D:3)
  2 howler monkey skeletons
  10 adders
  3 shadow imps
  An ooze (D:1)
  3 worms
  3 dart slugs
  4 leopard geckos
  20 orcs
  7 bats
  5 giant cockroaches
  13 goblins
  13 hobgoblins
  8 jackals (D:2)
  A quokka (D:4)
  2 ball pythons
  6 frilled lizards
  4 kobolds
  A leopard gecko skeleton (D:5)
  5 rats
146 creatures vanquished.

Notes
Turn   | Place    | Note
-------+----------+-------------------------------------------
     0 | D:1      | Peloso the Minotaur Fighter began the quest for the Orb.
     0 | D:1      | Reached XP level 1. HP: 19/19 MP: 0/0
   153 | D:1      | Reached XP level 2. HP: 17/27 MP: 1/1
   391 | D:2      | Reached XP level 3. HP: 31/33 MP: 2/2
   447 | D:2      | Reached skill level 3 in Long Blades
   748 | D:2      | Found a snail-covered altar of Cheibriados.
   799 | D:2      | Reached XP level 4. HP: 30/40 MP: 3/3
   983 | D:2      | Found a blossoming altar of Fedhas.
   983 | D:2      | Found an ancient bone altar of Kikubaaqudgha.
  1241 | D:2      | Reached skill level 5 in Shields
  1270 | D:2      | Found a hide-covered altar of Uskayaw.
  1410 | D:3      | Reached skill level 4 in Long Blades
  1447 | D:3      | Found a glowing golden altar of the Shining One.
  1475 | D:3      | Found a bloodstained altar of Trog.
  1475 | D:3      | Found a burning altar of Makhleb.
  1571 | D:3      | Reached skill level 1 in Dodging
  1571 | D:3      | Reached XP level 5. HP: 46/46 MP: 4/4
  1848 | D:3      | Noticed Robin
  1869 | D:3      | Killed Robin
  2066 | D:3      | Found a runed translucent door.
  2066 | D:3      | Noticed Mushiatsui's ghost (amateur DrTm)
  2640 | D:4      | Noticed an ogre
  2667 | D:4      | Killed an ogre
  2667 | D:4      | Reached XP level 6. HP: 53/53 MP: 5/5
  2711 | D:4      | Noticed Blork the orc
  2721 | D:4      | Killed Blork the orc
  2721 | D:4      | Reached skill level 5 in Long Blades
  2917 | D:4      | Reached skill level 5 in Armour
  2958 | D:4      | Reached XP level 7. HP: 42/60 MP: 6/6
  3224 | D:4      | Found a white marble altar of Elyvilon.
  3272 | D:4      | Noticed Natasha
  3274 | D:4      | Found a basalt altar of Yredelemnul.
  3279 | D:4      | Killed Natasha
  3279 | D:4      | Reached skill level 6 in Long Blades
  3506 | D:4      | Noticed Natasha
  3514 | D:4      | Killed Natasha
  3530 | D:5      | Entered Level 5 of the Dungeon
  3530 | D:5      | Noticed Sigmund
  3539 | D:5      | Killed Sigmund
  3643 | D:5      | Found a transporter.
  3652 | D:5      | Found a transporter.
  3656 | D:5      | Noticed anet's ghost (novice DEWz)
  3657 | D:5      | Noticed Pikel
  3678 | D:5      | Killed Pikel
  3678 | D:5      | Reached skill level 5 in Fighting
  3678 | D:5      | Reached skill level 7 in Long Blades
  3678 | D:5      | Reached XP level 8. HP: 39/68 MP: 7/7
  3692 | D:5      | Noticed Eustachio
  3713 | D:5      | Killed Eustachio
  3754 | D:5      | Noticed Ijyb
  3764 | D:5      | Killed Ijyb
  3892 | D:5      | Found Xolykuh's Weapon Emporium.
  4092 | D:6      | Reached skill level 8 in Long Blades
  4597 | D:7      | Noticed Menkaure
  4606 | D:6      | Reached XP level 9. HP: 65/75 MP: 8/8
  4655 | D:7      | Killed Menkaure
  4952 | D:7      | Reached skill level 9 in Long Blades
  5311 | D:7      | HP: 1/78 [hippogriff (6)]
  5311 | D:7      | Mangled by an orc warrior

Levels and vault maps discovered:
D:1:      elethiomel_arrival_shortcut, layout_rooms
D:2:      layout_basic, grunt_temple_overflow_growth_and_decay,
          overflow_temple_1_default, overflow_temple_1_default, first_ration,
          chequers_serial_rivers_large_b, minivault_24
D:3:      layout_loops_ring, grunt_temple_overflow_open, gammafunk_ghost_grave,
          serial_co_window_serial, co_window_of_opportunity_a,
          co_window_paths_b, co_window_corner_a, co_window_paths_a,
          co_window_paths_a, co_window_2corner, co_window_of_opportunity_c,
          co_window_2corner, co_window_broadway_a, glass_columns_a,
          glass_columns_c, uniq_robin
D:4:      layout_basic, kennysheep_ying_yang, uniq_natasha, uniq_blork_the_orc
D:5:      layout_rooms, gammafunk_ghost_arena, serial_shops, shop, uniq_ijyb,
          uniq_pikel, uniq_sigmund, uniq_eustachio
D:6:      layout_loops_ring
D:7:      layout_rooms, gammafunk_temple_overflow_claw,
          minmay_temple_entry_antechambers, ebering_ghost_rock_garden,
          uniq_menkaure

Skill      XL: |  1  2  3  4  5  6  7  8  9 |
---------------+----------------------------+-----
Shields        | 4 5 6 7 |  7.9
Fighting       | 4 5 6 |  6.5
Armour         | 4 5 6 7 |  7.9
Long Blades    | 3 4 5 7 8 9 |  9.1
Dodging        | 1 2 3 |  3.2
Stealth        | |  0.5

Action                   |  1- 3 |  4- 6 |  7- 9 || total
-------------------------+-------+-------+-------++-------
Melee: Long sword        |    85 |   150 |   156 ||   391
       Headbutt          |    18 |    25 |    37 ||    80
  Use: Potion            |       |     1 |     2 ||     3
  Eat: Chunk             |       |     4 |     4 ||     8
       Ration            |       |     1 |     1 ||     2
Armor: Scale mail        |    45 |    63 |       ||   108
       Chain mail        |       |    27 |    43 ||    70
       Plate armour      |       |       |    23 ||    23
Dodge: Dodged            |    31 |    52 |    34 ||   117
Block: Shield            |    58 |   118 |    83 ||   259
       Rpst.: Long sword |     9 |    16 |     6 ||    31

Table legend:
 A = Non-vault XP
 B = Vault XP
 C = Vault XP percentage of total XP
 D = Non-vault monster count
 E = Vault monster count
 F = Vault count percentage of total count
                 A         B        C        D         E       F
            +---------+---------+-------+---------+---------+-------
      Total |    2013 |    1437 |  41.7 |     127 |      19 |  13.0
            +---------+---------+-------+---------+---------+-------
        D:1 |      29 |       0 |   0.0 |      15 |       0 |   0.0
        D:2 |     135 |       0 |   0.0 |      38 |       0 |   0.0
        D:3 |     109 |      37 |  25.3 |      21 |      12 |  36.4
        D:4 |     454 |     133 |  22.7 |      16 |       2 |  11.1
        D:5 |      50 |    1095 |  95.6 |       4 |       4 |  50.0
        D:6 |     841 |       0 |   0.0 |      19 |       0 |   0.0
        D:7 |     395 |     172 |  30.3 |      14 |       1 |   6.7
            +---------+---------+-------+---------+---------+-------
